 Dungeon Crawl Stone Soup version 0.28-a0-21-gf74fda84f9 (webtiles) character file.

Game seed: 12648901036661508393

63 willcat the Skirmisher (level 3, -4/37 HPs)
             Began as a Troll Delver on July 26, 2021.
             Slain by a wyvern (18 damage)
             ... on level 6 of the Dungeon.
             The game lasted 00:00:44 (169 turns).

willcat the Skirmisher (Troll Delver)                Turns: 169, Time: 00:00:45

Health: -4/37      AC:  4    Str: 21    XL:     3   Next: 87%
Magic:  2/2        EV: 10    Int:  6    God:
Gold:   0          SH:  0    Dex: 11    Spells: 2/2 levels left

rFire   . . .      SeeInvis .     - Unarmed
rCold   . . .      Faith    .   (no shield)
rNeg    . . .      Spirit   .   a - +0 robe
rPois   .          Reflect  .   (helmet restricted)
rElec   .          Harm     .   (no cloak)
rCorr   .          Rampage  .   (gloves unavailable)
Will    .....                   (boots unavailable)
Stlth   ++........              (no amulet)
HPRegen 1.12/turn               (no ring)
MPRegen 0.08/turn               (no ring)

@: no status effects
A: large, unfitting armour, claws 3, regeneration 1, shaggy fur 1, tough skin 1
a: no special abilities


You were on level 6 of the Dungeon.
You visited 1 branch of the dungeon, and saw 2 of its levels.

Inventory:

Missiles
 g - 2 throwing nets (quivered)
Armour
 a - a +0 robe (worn)
Wands
 f - a wand of digging (3)
Scrolls
 b - a scroll of fog
 c - a scroll of magic mapping
 d - a scroll of fear
Potions
 e - a potion of haste


   Skills:
 + Level 3.0 Fighting
 + Level 2.3 Dodging
 - Level 2.7 Stealth
 + Level 2.9 Unarmed Combat


You had 2 spell levels left.
You didn't know any spells.
Your spell library contained the following spells:

 Spells                   Type           Power      Damage    Failure   Level
 Beastly Appendage        Tmut           0%         N/A       45%         1
 Wereblood                Tmut           0%         N/A       58%         2
 Spider Form              Tmut/Pois      0%         N/A       83%         3


Dungeon Overview and Level Annotations

Branches:
Dungeon (6/15)
 Temple: D:4-7

Altars:


Innate Abilities, Weirdness & Mutations

You are too large for most types of armour.
You have claws for hands.
Your natural rate of healing is unusually fast.
You are covered in fur. (AC +1)
You have tough skin. (AC +1)


Message History

The iguana hisses angrily.
The adder hisses angrily.
A wyvern comes into view.
The adder bites you.
You are poisoned.
The adder poisons you!
You barely miss the adder.
You feel sick. The adder bites you but does no damage.
You scratch the wyvern.
The wyvern is lightly wounded.
You feel sick. The adder barely misses you. The wyvern barely misses you.
The iguana barely misses you. The adder bites you.
The wyvern barely misses you.
Unknown command.
You feel sick.
You feel sick.
You feel sick. The wyvern closely misses you.
You feel sick.
You are no longer poisoned.
The adder barely misses you.
You barely miss the adder.
The adder bites you but does no damage. x2
You miss the adder. The adder bites you.
Okay, then.
You miss the adder. The adder closely misses you.
You miss the adder. You claw the adder!
You kill the adder!
You closely miss the wyvern.
The wyvern is lightly wounded.
The wyvern bites you. The wyvern bites you!!
You scratch the wyvern but do no damage.
The wyvern is lightly wounded.
The wyvern closely misses you.
Unknown command.
You barely miss the wyvern.
The wyvern is lightly wounded.
The wyvern bites you.
Unknown command.
You closely miss the wyvern.
The wyvern is lightly wounded.
The wyvern bites you. The wyvern bites you!!
You die...

##.....####)<.....#
#..#######)......###.
......................
.# .#
###########.######. .#
#........# ..#
#.......## ...
#.......### ######.####
#.........####..........
#......##.@ll#..........
#......#####............
#......# ###..........
######## #..........
###########


You could see a wyvern and an iguana.

Vanquished Creatures
  5 gnolls
  An adder (D:6)
  An ufetubus (D:5)
7 creatures vanquished.

Notes
Turn   | Place    | Note
-------+----------+-------------------------------------------
     0 | D:5      | willcat the Troll Delver began the quest for the Orb.
     0 | D:5      | Reached XP level 1. HP: 22/22 MP: 0/0
    25 | D:6      | Reached XP level 2. HP: 26/29 MP: 1/1
    44 | D:6      | Reached XP level 3. HP: 10/36 MP: 2/2
    97 | D:5      | Reached skill level 3 in Fighting
   151 | D:6      | Noticed a wyvern
   169 | D:6      | Slain by a wyvern

Illustrated notes

Levels and vault maps discovered:
D:5:      minmay_clustersquares, layout_rooms, minmay_temple_entry_large_hall,
          serial_shops, nicolae_shop_waterfront, shop, shop,
          lightli_church_of_beogh
D:6:      layout_rooms, st_stairs_1, hex_tiny, uniq_grinder

Skill      XL: |  1  2  3 |
---------------+----------+-----
Dodging        | 2 |  2.3
Fighting       | 3 |  3.0
Stealth        | |  2.7
Unarmed Combat | |  2.9

Action                   || total
-------------------------++-------
Melee: Unarmed           ||    33
       Punch             ||     1
Armor: Robe              ||     6
Dodge: Dodged            ||    18

Table legend: (Time is in decaauts)
 A = Elapsed time spent in this place.
 B = Non-inter-level travel time spent in this place.
 C = Inter-level travel time spent in this place.
 D = Time resting spent in this place.
 E = Time spent auto-exploring this place.
 F = Levels seen in this place.
 G = Mean time per level.
                   A        B        C        D        E       F      G
               +--------+--------+--------+--------+--------+-----+--------+
         Total |    170 |    170 |      0 |     23 |     43 |   2 |   85.0 |
       Dungeon |    170 |    170 |      0 |     23 |     43 |   2 |   85.0 |
               +--------+--------+--------+--------+--------+-----+--------+

Top non-repeatable levels by time:
     D:6: 115 daAuts
     D:5: 54 daAuts
